 Dungeon Crawl Stone Soup version 0.25-a0-346-g140ab784a8 (webtiles) character file.

Game seed: 17142149948518543863, levelgen mode: classic

794 Borgoz the Cudgeler (level 7, -2/45 HPs)
             Began as a Gargoyle Fighter on Jan 1, 2020.
             Slain by an ogre
             ... wielding a +0 giant club
              (17 damage)
             ... on level 5 of the Dungeon.
             The game lasted 00:04:28 (2876 turns).

Borgoz the Cudgeler (Gargoyle Fighter)              Turns: 2876, Time: 00:04:29

Health: -2/45      AC: 17    Str: 20    XL:     7   Next: 89%
Magic:  7/7        EV:  3    Int:  9    God:
Gold:   177        SH:  9    Dex: 10    Spells: 6/6 levels left

rFire    . . .     SeeInvis .   a - +0 flail
rCold    . . .     Gourm    .   c - +0 shield
rNeg     + . .     Faith    .   p - +0 plate armour
rPois    ∞         Spirit   .   (no helmet)
rElec    +         Reflect  .   (no cloak)
rCorr    .         Harm     .   (no gloves)
MR       .....                  (no boots)
Stlth    ..........             (no amulet)
HPRegen  0.15/turn              (no ring)
MPRegen  0.10/turn              (no ring)

@: flying
A: negative energy resistance 1, electricity resistance, unbreathing,
petrification resistance, rot immunity, AC +4
a: no special abilities


You were on level 5 of the Dungeon.
You were not hungry.

You visited 1 branch of the dungeon, and saw 5 of its levels.

You collected 177 gold pieces.

Inventory:

Hand Weapons
 a - a +0 flail (weapon)
Armour
 c - a +0 shield (worn)
 p - a +0 plate armour (worn)
Scrolls
 b - a scroll of enchant armour {unknown}
 h - a scroll of fear {unknown}
 i - 2 scrolls of remove curse {unknown}
 l - a scroll of identify
 n - a scroll of enchant weapon {unknown}
Potions
 d - 3 potions of brilliance
 e - a potion of lignification
 j - a potion of curing
 k - a potion of flight
 m - a potion of invisibility
 o - a potion of mutation
Comestibles
 f - 9 rations
 g - 6 chunks of flesh


   Skills:
 + Level 5.6 Fighting
 * Level 6.4 Maces & Flails
 + Level 5.6 Armour
 - Level 3.2 Shields


You had 6 spell levels left.
You didn't know any spells.
Your spell library was empty.

Dungeon Overview and Level Annotations

Branches:
Dungeon (5/15)
 Temple: D:4-7

Altars:
Hepliaklqana
Nemelex Xobeh
Trog
Zin


Innate Abilities, Weirdness & Mutations

You are resistant to torment.
Your stone body is resilient. (AC +4)
You are immune to poison.
You resist negative energy. (rN+)
You are resistant to electric shocks. (rElec)
You can survive without breathing.
You are immune to petrification.
You are immune to rotting.


Message History

You block the ogre's attack.
You hit the ogre but do no damage.
The ogre is heavily wounded.
The ogre hits you with a +0 giant club.
You thump the ogre!
The ogre is severely wounded.
The ogre barely misses you.
You aren't carrying any items that you can evoke.
Okay, then.
As you read the scroll of identify, it crumbles to dust.
j - a potion of curing Your plate armour prevents you from hitting the ogre.
The ogre is severely wounded.
The ogre hits you with a +0 giant club!
You barely miss the ogre.
The ogre is severely wounded.
You block the ogre's attack.
You feel very buoyant.
You fly up into the air.
The ogre hits you with a +0 giant club!
You die...

#.......###.......
####.##..w.†......
#w#............
#.#.......#####
#.#...#...#
#.#...#...#
#.#...#...#
#.#####...##
#$wO@..$....
############


You could see an ogre and a dart slug.

Vanquished Creatures
  2 sky beasts (D:5)
  An ice beast (D:2)
  An ogre (D:4)
  A jelly (D:5)
  A centaur zombie (D:3)
  An orc priest (D:3)
  2 hounds (D:4)
  An orc wizard (D:3)
  An iguana (D:5)
  3 worker ants
  6 adders
  3 gnolls (D:2)
  2 worms (D:2)
  3 dart slugs (D:1)
  2 leopard geckos
  6 orcs (D:3)
  7 bats
  4 giant cockroaches
  5 goblins
  6 hobgoblins
  4 jackals
  A quokka (D:3)
  2 frilled lizards
  6 kobolds
  2 quokka zombies (D:5)
  12 rats
85 creatures vanquished.

Notes
Turn   | Place    | Note
-------+----------+-------------------------------------------
     0 | D:1      | Borgoz the Gargoyle Fighter began the quest for the Orb.
     0 | D:1      | Reached XP level 1. HP: 14/14 MP: 1/1
   128 | D:1      | Reached XP level 2. HP: 18/19 MP: 2/2
   485 | D:1      | Reached XP level 3. HP: 21/23 MP: 3/3
   612 | D:2      | Noticed an ice beast
   761 | D:2      | Reached skill level 3 in Maces & Flails
   907 | D:2      | Reached XP level 4. HP: 12/29 MP: 4/4
  1070 | D:2      | Killed an ice beast
  1070 | D:2      | Reached skill level 4 in Maces & Flails
  1070 | D:2      | Reached XP level 5. HP: 31/33 MP: 5/5
  1575 | D:3      | Reached XP level 6. HP: 39/39 MP: 6/6
  2132 | D:4      | Reached skill level 5 in Maces & Flails
  2156 | D:4      | Reached skill level 5 in Fighting
  2156 | D:4      | Reached XP level 7. HP: 31/44 MP: 7/7
  2169 | D:4      | Reached skill level 5 in Armour
  2187 | D:4      | Found a hazy altar of Hepliaklqana.
  2188 | D:4      | Found a glowing silver altar of Zin.
  2244 | D:4      | Found a sparkling altar of Nemelex Xobeh.
  2247 | D:4      | Found a bloodstained altar of Trog.
  2510 | D:5      | Entered Level 5 of the Dungeon
  2682 | D:5      | Reached skill level 6 in Maces & Flails
  2876 | D:5      | Slain by an ogre

Levels and vault maps discovered:
D:1:      wander_arrival_peaceful_grave, layout_basic, minmay_tripent
D:2:      layout_loops_cross
D:3:      layout_basic, first_ration
D:4:      layout_cave_pools, nicolae_overflow_hidden_temple,
          minmay_tree_intersection
D:5:      layout_basic, minmay_misc_feat_alley

Skill      XL: |  1  2  3  4  5  6  7 |
---------------+----------------------+-----
Maces & Flails | 3 4 5 6 |  6.4
Fighting       | 4 5 |  5.6
Armour         | 4 5 |  5.6
Shields        | |  3.2

Action                   |  1- 3 |  4- 6 |  7- 9 || total
-------------------------+-------+-------+-------++-------
Melee: Flail             |   122 |   132 |   115 ||   369
  Use: Potion            |       |     2 |     1 ||     3
       Scroll            |       |     4 |     3 ||     7
  Eat: Chunk             |       |     5 |     2 ||     7
Armor: Scale mail        |    51 |    63 |    17 ||   131
       Plate armour      |       |       |    53 ||    53
Dodge: Dodged            |    45 |    42 |    22 ||   109
Block: Shield            |    61 |    68 |    58 ||   187

Table legend:
 A = Non-vault XP
 B = Vault XP
 C = Vault XP percentage of total XP
 D = Non-vault monster count
 E = Vault monster count
 F = Vault count percentage of total count
                 A         B        C        D         E       F
            +---------+---------+-------+---------+---------+-------
      Total |    1131 |       4 |   0.4 |      83 |       2 |   2.4
            +---------+---------+-------+---------+---------+-------
        D:1 |      32 |       4 |  11.1 |      19 |       2 |   9.5
        D:2 |     193 |       0 |   0.0 |      17 |       0 |   0.0
        D:3 |     192 |       0 |   0.0 |      26 |       0 |   0.0
        D:4 |     271 |       0 |   0.0 |      10 |       0 |   0.0
        D:5 |     443 |       0 |   0.0 |      11 |       0 |   0.0
            +---------+---------+-------+---------+---------+-------
